[Event "Titled Tuesday Blitz April 19 Early 2022"]
[White "Wagner, Dennis"]
[Black "Vusatiuk, Vladimir"]
[WhiteFideId "24650684"]
[BlackFideId "14118610"]
[WhiteElo "2355"]
[BlackElo "2157"]
[Result "1-0"]
[Round "08"]
[TimeControl "180+1"]
[Date "2022.04.19"]
[WhiteClock "0:01:17"]
[BlackClock "0:01:34"]

1. c4 Nf6 2. g3 g6 3. Bg2 Bg7 4. Nc3 O-O 5. e4 e5 6. Nge2 Nc6 7. d3 d6 8. O-O Nd7 9. Be3 Nc5 10. f4 exf4 11. gxf4 f5 12. e5 Ne6 13. d4 dxe5 14. d5 exf4 15. Bd2 Ncd4 16. dxe6 Bxe6 17. Nxf4 Bxc4 18. Bxb7 Bxf1 19. Qxf1 Rb8 20. Bd5+ Kh8 21. Nxg6+ hxg6 22. Qh3+ 1-0


[Site "https://www.chess.com"]

[Event "Titled Tuesday Blitz April 19 Early 2022"]
[White "Weetik, Vjacheslav"]
[Black "Mortazavi, Ali"]
[WhiteFideId "4153472"]
[BlackFideId "401323"]
[WhiteElo "2469"]
[BlackElo "2339"]
[Result "0-1"]
[Round "08"]
[TimeControl "180+1"]
[Date "2022.04.19"]
[WhiteClock "0:00:07"]
[BlackClock "0:00:24"]

1. d4 Nf6 2. c4 g6 3. Nc3 Bg7 4. e4 O-O 5. Nf3 d6 6. Be2 Bg4 7. O-O Nbd7 8. Be3 e5 9. d5 a5 10. Nd2 Bxe2 11. Qxe2 Nh5 12. g3 b6 13. b3 Qe8 14. Nb5 Rc8 15. Nf3 f5 16. Ng5 f4 17. Bd2 Nc5 18. b4 axb4 19. Bxb4 Qe7 20. Qg4 Nf6 21. Qh3 h6 22. Ne6 Nxe6 23. dxe6 Nxe4 24. Rae1 Ng5 25. Qg4 h5 26. Qd1 Qxe6 27. Qd5 Qxd5 28. cxd5 Nf3+ 29. Kg2 Nxe1+ 30. Rxe1 f3+ 31. Kf1 Rf7 32. Rc1 Bh6 33. Rc2 Ra8 34. Nxc7 Rc8 35. Bxd6 Rd7 36. Bxe5 Rxd5 0-1


[Site "https://www.chess.com"]

[Event "Titled Tuesday Blitz April 19 Early 2022"]
[White "Weishaeutel, Moritz"]
[Black "Prohorov, Olexandr"]
[WhiteFideId "12967300"]
[BlackFideId "14105578"]
[WhiteElo "2002"]
[BlackElo "1993"]
[Result "1-0"]
[Round "08"]
[TimeControl "180+1"]
[Date "2022.04.19"]
[WhiteClock "0:00:15"]
[BlackClock "0:00:01"]

1. e4 c6 2. d4 d5 3. exd5 cxd5 4. Bd3 Nc6 5. c3 Qc7 6. h3 g6 7. Nf3 Bg7 8. O-O Nf6 9. Re1 O-O 10. Be3 Bf5 11. Na3 Rfe8 12. Qc2 Bxd3 13. Qxd3 Ne4 14. Nd2 f5 15. Nxe4 fxe4 16. Qd2 e6 17. Bf4 Qf7 18. Nb5 Rf8 19. Bd6 Rfd8 20. Bg3 a6 21. Na3 h5 22. Rf1 Kh7 23. f3 e3 24. Qxe3 Bh6 25. Qe2 Re8 26. Rae1 Qf5 27. Nc2 Re7 28. Ne3 Qf6 29. a4 Rae8 30. Qf2 Qg7 31. Bh4 g5 32. Bg3 Qg6 33. Re2 Bg7 34. Rfe1 Qf7 35. h4 Bh6 36. hxg5 Bxg5 37. Bh4 Qf4 38. Bxg5 Qxg5 39. f4 Qf6 40. Qf3 Qg6 41. Kf2 Rf7 42. Rh1 Kg7 43. f5 exf5 44. Qxh5 Qxh5 45. Rxh5 f4 46. Nxd5 Rxe2+ 47. Kxe2 Na5 48. Nxf4 Nc4 49. Nd3 Re7+ 50. Ne5 1-0


[Site "https://www.chess.com"]

[Event "Titled Tuesday Blitz April 19 Early 2022"]
[White "Xu, Yi"]
[Black "Bluebaum, Matthias"]
[WhiteFideId "8605564"]
[BlackFideId "24651516"]
[WhiteElo "2471"]
[BlackElo "2550"]
[Result "1-0"]
[Round "08"]
[TimeControl "180+1"]
[Date "2022.04.19"]
[WhiteClock "0:00:16"]
[BlackClock "0:00:04"]

1. e4 c6 2. d4 d5 3. e5 Bf5 4. h4 h5 5. Bd3 Bxd3 6. Qxd3 Qa5+ 7. Nd2 e6 8. Ne2 Qa6 9. c4 Ne7 10. b3 Nf5 11. Nf3 c5 12. O-O Nc6 13. Qb1 dxc4 14. d5 Nb4 15. dxe6 fxe6 16. Nf4 O-O-O 17. a3 Nd3 18. bxc4 Nxf4 19. Bxf4 Be7 20. Bg5 Bxg5 21. Nxg5 Rd7 22. Rd1 Rhd8 23. Rxd7 Rxd7 24. Qc2 Nxh4 25. Qh7 Qxc4 26. Qxh5 Kc7 27. Qe8 Qd5 28. Nxe6+ Kb6 29. Nf4 Qd4 30. Rb1+ Ka5 31. e6 Qe4 32. exd7 Qxb1+ 33. Kh2 Qf5 34. d8=Q+ b6 35. Qd2+ Ka6 36. Qee2+ Kb7 37. Qd5+ 1-0


[Site "https://www.chess.com"]

[Event "Titled Tuesday Blitz April 19 Early 2022"]
[White "Yanayt, Eugene"]
[Black "Zhurikhin, Alexander"]
[WhiteFideId "2020165"]
[BlackFideId "4139569"]
[WhiteElo "2046"]
[BlackElo "2204"]
[Result "0-1"]
[Round "08"]
[TimeControl "180+1"]
[Date "2022.04.19"]
[WhiteClock "0:00:18"]
[BlackClock "0:01:22"]

1. d4 Nf6 2. c4 g6 3. Nc3 Bg7 4. e4 d6 5. Nf3 O-O 6. Be2 e5 7. O-O exd4 8. Nxd4 Re8 9. Be3 Nxe4 10. Nd5 c6 11. Nf4 Nd7 12. Rc1 a5 13. a3 a4 14. Qc2 Ndc5 15. Rce1 Bd7 16. f3 Ng3 17. Bf2 Nxf1 18. Rxf1 Qf6 19. Nd3 Nxd3 20. Bxd3 c5 21. Ne2 Qxb2 22. Qd1 Qxa3 23. Be4 Bc6 24. Ng3 Bd4 25. Bxd4 cxd4 26. Kh1 Qc5 27. h4 Qe5 28. Qe1 Bxe4 29. Nxe4 f5 0-1


[Site "https://www.chess.com"]

[Event "Titled Tuesday Blitz April 19 Early 2022"]
[White "Yang, Kaiqi"]
[Black "Niyazgulova, Marina"]
[WhiteFideId "8604398"]
[BlackFideId "24142573"]
[WhiteElo "2373"]
[BlackElo "2046"]
[Result "1-0"]
[Round "08"]
[TimeControl "180+1"]
[Date "2022.04.19"]
[WhiteClock "0:01:42"]
[BlackClock "0:00:19"]

1. e4 d5 2. exd5 Qxd5 3. Nc3 Qd6 4. d4 Nf6 5. Nf3 c6 6. Ne5 Nbd7 7. Bf4 Qb4 8. Qd2 Nd5 9. Nxd5 Qxd2+ 10. Kxd2 cxd5 11. Bb5 f6 12. Nd3 a6 13. Ba4 b5 14. Bb3 Bb7 15. a4 g5 16. Bg3 Bh6 17. axb5 axb5 18. Rxa8+ Bxa8 19. Ra1 Bc6 20. Nb4 Bb7 21. Ra7 Bc8 22. Bxd5 g4+ 23. Kd1 e5 24. Nc6 Rf8 25. Rc7 Nb6 26. Re7# 1-0


[Site "https://www.chess.com"]

[Event "Titled Tuesday Blitz April 19 Early 2022"]
[White "Zaksaite, Salomeja"]
[Black "Buchenau, Frank"]
[WhiteFideId "12801496"]
[BlackFideId "4604350"]
[WhiteElo "1953"]
[BlackElo "2193"]
[Result "0-1"]
[Round "08"]
[TimeControl "180+1"]
[Date "2022.04.19"]
[WhiteClock "0:00:01"]
[BlackClock "0:00:58"]

1. e4 e6 2. d4 d5 3. Nc3 Nf6 4. e5 Nfd7 5. f4 c5 6. Nf3 Nc6 7. Be3 a6 8. Qd2 b5 9. Be2 Qb6 10. Nd1 b4 11. Nf2 a5 12. O-O Ba6 13. Bxa6 Rxa6 14. c3 Be7 15. a3 bxa3 16. bxa3 O-O 17. Rab1 Qc7 18. f5 exf5 19. Qd3 Rb6 20. Qxf5 cxd4 21. cxd4 Nd8 22. Rbc1 Qb7 23. Ng4 Ne6 24. h4 Bxa3 25. Rce1 Be7 26. h5 a4 27. h6 g6 28. Qc2 a3 29. Nf6+ Bxf6 30. exf6 Rb2 31. Qd1 a2 32. Qa1 Nxf6 33. Rf2 Rxf2 34. Bxf2 Qb3 35. Ne5 Rb8 36. Nc6 Rb6 37. Na5 Qb1 38. Qc3 Ne4 39. Qc8+ Nf8 0-1


[Site "https://www.chess.com"]

[Event "Titled Tuesday Blitz April 19 Early 2022"]
[White "parintele_chess"]
[Black "Friedel, Tom"]
[BlackFideId "2002108"]
[WhiteElo "2220"]
[BlackElo "2306"]
[Result "1-0"]
[Round "08"]
[TimeControl "180+1"]
[Date "2022.04.19"]
[WhiteClock "0:00:49"]
[BlackClock "0:00:01"]

1. e4 c6 2. Nc3 d5 3. Nf3 dxe4 4. Nxe4 Nf6 5. Qe2 Bg4 6. Nxf6+ gxf6 7. h3 Bh5 8. g4 Bg6 9. d3 Nd7 10. Bg2 h5 11. g5 Qc7 12. gxf6 Nxf6 13. Ne5 Bf5 14. Bf4 Qa5+ 15. c3 Rg8 16. Nxc6 Qb6 17. Be3 Qc7 18. Nd4 Bd7 19. Qf3 O-O-O 20. a4 Bg7 21. Nb5 Bxb5 22. axb5 b6 23. Qc6 Qxc6 24. Bxc6 Rxd3 25. Rxa7 e5 26. Bxb6 1-0


[Site "https://www.chess.com"]

[Event "Titled Tuesday Blitz April 19 Early 2022"]
[White "Aaditya Dhingra"]
[Black "Wagner, Dennis"]
[WhiteFideId "25678191"]
[BlackFideId "24650684"]
[WhiteElo "1849"]
[BlackElo "2355"]
[Result "0-1"]
[Round "09"]
[TimeControl "180+1"]
[Date "2022.04.19"]
[WhiteClock "0:00:01"]
[BlackClock "0:00:16"]

1. c4 e5 2. Nc3 Nf6 3. g3 Bb4 4. Bg2 O-O 5. Nd5 Nxd5 6. cxd5 d6 7. a3 Bc5 8. e3 Bf5 9. Ne2 Qf6 10. b4 Bb6 11. Bb2 Bd3 12. O-O Qg6 13. f4 Nd7 14. Rf2 a5 15. Nc3 exf4 16. gxf4 Nf6 17. h3 Rfe8 18. Kh2 axb4 19. axb4 Rxa1 20. Bxa1 h5 21. Bf1 Qf5 22. Rg2 Bxf1 23. Qxf1 Ra8 24. e4 Nxe4 25. Nxe4 Qxe4 26. Bxg7 Kh7 27. Bc3 Rg8 28. Rxg8 Kxg8 29. Qg2+ Qxg2+ 30. Kxg2 Kh7 31. f5 Kh6 32. h4 c6 33. dxc6 bxc6 34. Kf3 Bd8 35. Kg3 d5 36. Be5 Be7 37. Bc3 Bd6+ 38. Kf3 Kh7 39. d3 Kg8 40. Bd2 Be7 41. Be1 Kf8 42. Kf4 Bf6 43. Ke3 Ke7 44. d4 Kd7 45. Kd3 Be7 46. Kc3 Bd6 47. Kd3 Ke7 0-1


[Site "https://www.chess.com"]

[Event "Titled Tuesday Blitz April 19 Early 2022"]
[White "Agasarov, Benik"]
[Black "Sukandar, Irine Kharisma"]
[WhiteFideId "13314823"]
[BlackFideId "7101937"]
[WhiteElo "2487"]
[BlackElo "2293"]
[Result "1-0"]
[Round "09"]
[TimeControl "180+1"]
[Date "2022.04.19"]
[WhiteClock "0:00:40"]
[BlackClock "0:00:01"]

1. Nf3 Nf6 2. b3 g6 3. Bb2 Bg7 4. e3 O-O 5. c4 d5 6. Be2 c5 7. O-O Nc6 8. cxd5 Qxd5 9. Nc3 Qd8 10. a3 b6 11. Rc1 Bb7 12. d3 Rc8 13. Qd2 h6 14. Rfd1 Na5 15. Qc2 Qd7 16. b4 cxb4 17. axb4 Nc6 18. Qa4 a6 19. b5 axb5 20. Qxb5 Qd8 21. d4 Na5 22. Ne5 Nd5 23. Nxd5 Qxd5 24. Qxd5 Bxd5 25. Nd7 Nb3 26. Rxc8 Rxc8 27. Nxb6 Rc2 28. Nxd5 Rxb2 29. Bc4 e5 30. dxe5 Bxe5 31. f4 Nd2 32. Bf1 Bd6 33. Nf6+ Kf8 34. Bd3 Be7 35. Nd5 Bc5 36. Rc1 Nb3 37. Rc3 Ba7 38. Rc7 Ra2 39. Bc4 Ra1+ 40. Kf2 Nc5 41. Nf6 Ne6 42. Rc8+ Ke7 43. Ng8+ Kd6 44. Bxe6 Kxe6 45. Nxh6 Ra3 46. Re8+ Kd7 47. Re4 Ra2+ 48. Kf3 Ra3 49. Nxf7 Rb3 50. Ne5+ Kd6 51. Nxg6 1-0


[Site "https://www.chess.com"]

[Event "Titled Tuesday Blitz April 19 Early 2022"]
[White "Ajay Krishna, S"]
[Black "Jegorovas, Aleksandras"]
[WhiteFideId "5096430"]
[BlackFideId "12801950"]
[WhiteElo "2247"]
[BlackElo "2247"]
[Result "0-1"]
[Round "09"]
[TimeControl "180+1"]
[Date "2022.04.19"]
[WhiteClock "0:01:01"]
[BlackClock "0:01:48"]

1. d4 e6 2. c4 Nf6 3. Nf3 Nc6 4. d5 Bb4+ 5. Nc3 exd5 6. cxd5 Ne7 7. e4 Nxe4 8. Qd4 Bxc3+ 9. bxc3 Nf6 10. c4 O-O 11. Bd3 d6 12. Bg5 Nf5 13. Bxf5 Bxf5 14. Bxf6 Qxf6 15. Qxf6 gxf6 16. Kd2 Rfe8 17. Nd4 Bd7 18. f3 c5 19. dxc6 bxc6 20. Rab1 Reb8 21. c5 dxc5 22. Nb3 Be6 23. Kc3 Bxb3 24. Rxb3 Rxb3+ 25. axb3 Re8 26. Rd1 Re3+ 27. Rd3 Rxd3+ 28. Kxd3 Kf8 29. Kc4 Ke7 30. Kxc5 Kd7 31. g4 Kc7 32. f4 Kd7 33. h4 Kc7 34. h5 Kd7 35. b4 Kc7 36. b5 cxb5 37. Kxb5 Kb7 38. Kc5 a6 39. h6 Kc7 40. g5 fxg5 41. fxg5 Kd7 42. Kd5 a5 43. Ke5 Ke7 44. Kd5 a4 45. Kc4 Ke6 46. Kb4 Kf5 47. Kxa4 Kxg5 48. Kb4 Kxh6 49. Kc5 Kg5 50. Kd4 Kg4 51. Ke3 Kg3 52. Ke4 h5 53. Kf5 h4 54. Kf6 h3 55. Kxf7 h2 56. Kg6 h1=Q 57. Kg5 Qe4 58. Kf6 Qd5 59. Ke7 Qc6 60. Kf7 Qd6 61. Kg7 Qe6 62. Kf8 Qd7 63. Kg8 Kg4 64. Kh8 Kg5 65. Kg8 Kf6 0-1


[Site "https://www.chess.com"]

[Event "Titled Tuesday Blitz April 19 Early 2022"]
[White "Alimpic, Aleksa"]
[Black "Kaiyrbekov, Rustam"]
[WhiteFideId "974323"]
[BlackFideId "13702424"]
[WhiteElo "2169"]
[BlackElo "2134"]
[Result "1-0"]
[Round "09"]
[TimeControl "180+1"]
[Date "2022.04.19"]
[WhiteClock "0:00:19"]
[BlackClock "0:00:09"]

1. Nf3 d5 2. c4 d4 3. g3 c5 4. Bg2 Nc6 5. O-O e5 6. d3 f5 7. e3 e4 8. Ne1 Nf6 9. exd4 cxd4 10. Bg5 Qe7 11. Bxf6 gxf6 12. Qh5+ Kd8 13. dxe4 fxe4 14. Qd5+ Kc7 15. Qxe4 h5 16. Nd3 Bd7 17. Nd2 Re8 18. Rfe1 Qxe4 19. Nxe4 Bf5 20. Nf4 h4 21. Nd5+ Kc8 22. Nexf6 Rxe1+ 23. Rxe1 Bd6 24. a3 hxg3 25. hxg3 d3 26. b4 Ne5 27. c5 d2 28. Rd1 Bg4 29. Rxd2 Nf3+ 30. Kf1 Nxd2+ 31. Ke1 Nf3+ 32. Bxf3 Bxf3 33. cxd6 Bxd5 34. Nxd5 Rd8 35. Ne7+ Kd7 36. Nf5 Kc6 37. f4 Re8+ 38. Kf2 Kd7 39. Kf3 Rf8 40. g4 Rf6 41. Ke4 b6 42. g5 Rf8 43. Ke5 Re8+ 44. Kf6 Re6+ 45. Kf7 a6 46. g6 a5 47. bxa5 bxa5 48. g7 a4 49. g8=Q Re7+ 50. dxe7 Kc6 51. Qc8+ Kd5 52. Qd7+ Kc4 53. e8=Q Kb3 54. Qxa4+ Ka2 55. Qe2+ Ka1 56. Qad1# 1-0


[Site "https://www.chess.com"]

[Event "Titled Tuesday Blitz April 19 Early 2022"]
[White "Araujo Filho, Luiz Antonio Coel"]
[Black "Shohat, Yotam"]
[WhiteFideId "2130661"]
[BlackFideId "2813955"]
[WhiteElo "2328"]
[BlackElo "2119"]
[Result "0-1"]
[Round "09"]
[TimeControl "180+1"]
[Date "2022.04.19"]
[WhiteClock "0:00:02"]
[BlackClock "0:00:02"]

1. d4 Nf6 2. Nf3 e6 3. e3 g6 4. b3 Bg7 5. Bb2 O-O 6. Be2 d5 7. O-O Nbd7 8. Nbd2 b6 9. c4 Bb7 10. Rc1 c5 11. cxd5 Nxd5 12. Nc4 Qe7 13. dxc5 Bxb2 14. Nxb2 Nxc5 15. Nd3 Ne4 16. Nfe5 Ndc3 17. Qe1 Nxe2+ 18. Qxe2 Rac8 19. Rxc8 Rxc8 20. Rc1 Rxc1+ 21. Nxc1 f6 22. Nf3 Qc5 23. Nd3 Qc3 24. h3 Ba6 25. Nfe1 Nc5 26. Qb2 Qxb2 27. Nxb2 e5 28. f3 Kf7 29. Kf2 Ke6 30. b4 Nb7 31. Ned3 Bxd3 32. Nxd3 Kd5 33. Nb2 a5 34. bxa5 Nxa5 35. Ke2 Kc5 36. Kd3 Kb4 37. h4 Ka3 38. Nd1 Kxa2 39. Nc3+ Kb3 40. Nd5 b5 41. Nxf6 b4 42. Ne4 Ka3 43. g4 b3 44. f4 exf4 45. exf4 b2 46. Nc3 Kb3 47. f5 gxf5 48. gxf5 Nc6 49. Nb1 Ka2 50. Nc3+ Ka1 51. f6 Nb4+ 52. Ke4 Na2 53. Nb1 Kxb1 54. f7 Kc1 55. f8=Q b1=Q+ 56. Ke5 Qb2+ 57. Ke6 Qb3+ 58. Kd7 Qb5+ 59. Ke6 Nb4 60. Qf4+ Kb2 61. Kf6 Nd5+ 0-1


[Site "https://www.chess.com"]

[Event "Titled Tuesday Blitz April 19 Early 2022"]
[White "Atakhan, Abtin"]
[Black "Pham, Tran Gia Phuc"]
[WhiteFideId "22502203"]
[BlackFideId "12415669"]
[WhiteElo "2094"]
[BlackElo "1789"]
[Result "0-1"]
[Round "09"]
[TimeControl "180+1"]
[Date "2022.04.19"]
[WhiteClock "0:00:15"]
[BlackClock "0:01:33"]

1. c4 Nf6 2. g3 c5 3. Bg2 Nc6 4. Nc3 d6 5. Nf3 g6 6. d3 Bg7 7. Rb1 O-O 8. a3 Rb8 9. b4 b6 10. b5 Ne5 11. Nxe5 dxe5 12. O-O Bb7 13. Bxb7 Rxb7 14. Qc2 Ne8 15. Bb2 f5 16. Rbe1 Rd7 17. a4 Nc7 18. Nb1 Ne6 19. Nd2 e4 20. Bxg7 Kxg7 21. Nb1 exd3 22. exd3 Nd4 23. Qd1 f4 24. Re4 f3 25. Re3 Rd6 26. Rfe1 Rf7 27. Kh1 Qd7 28. Nd2 Rdf6 29. Qa1 Qh3 30. Nxf3 Rxf3 31. Rxf3 Rxf3 32. Rxe7+ Rf7 33. Qe1 Qf5 34. Rxf7+ Kxf7 35. Qd2 Qf3+ 36. Kg1 Kg7 37. a5 Qb7 38. a6 Nf3+ 39. Kh1 Qa8 40. Qb2+ Kg8 41. Qf6 Ne1+ 42. f3 Qxf3+ 43. Qxf3 Nxf3 44. Kg2 Nd4 45. Kf2 Kf7 46. Ke3 Kf6 47. Ke4 Ke6 48. h3 h6 49. h4 h5 50. Kf4 Kf6 51. Ke4 Ke6 52. Kf4 Nf5 53. Kg5 Nxg3 54. Kxg6 Ke5 55. Kg5 Kd4 56. Kf4 Ne2+ 57. Kg5 Kxd3 58. Kxh5 Kxc4 59. Kg4 Kxb5 60. h5 c4 61. h6 c3 62. h7 c2 63. h8=Q c1=Q 64. Qe8+ Qc6 65. Qxe2+ Qc4+ 66. Qxc4+ Kxc4 0-1


[Site "https://www.chess.com"]

[Event "Titled Tuesday Blitz April 19 Early 2022"]
[White "Avramidou, Anastasia"]
[Black "Mayaud, Raphael"]
[WhiteFideId "4239873"]
[BlackFideId "627151"]
[WhiteElo "2183"]
[BlackElo "2191"]
[Result "1-0"]
[Round "09"]
[TimeControl "180+1"]
[Date "2022.04.19"]
[WhiteClock "0:00:12"]
[BlackClock "0:00:04"]

1. d4 Nf6 2. c4 c5 3. d5 b5 4. cxb5 a6 5. bxa6 g6 6. Nc3 Bg7 7. e4 O-O 8. Nf3 Qa5 9. Bd3 Nxd5 10. O-O Nxc3 11. bxc3 Bxc3 12. Bh6 Bg7 13. Bd2 Qc7 14. Rc1 Bxa6 15. Be3 d6 16. e5 Bxd3 17. Qxd3 Rxa2 18. exd6 exd6 19. Rfd1 Na6 20. Qxd6 Qxd6 21. Rxd6 Rc8 22. h4 c4 23. h5 c3 24. h6 Bf8 25. Rb6 c2 26. Ne1 Nb4 27. Rb5 Rb2 28. Kh2 Rb1 29. Rxc2 Rxc2 30. Nxc2 Rb2 31. Nxb4 Rxb4 32. Rd5 Bxh6 33. Rd8+ Kg7 34. Bd4+ f6 35. Rd7+ Kg8 36. Bxf6 Rf4 37. Bd4 Rf7 38. Rd8+ Rf8 39. Rd5 Rf7 40. g3 Bg7 41. Be3 h5 42. Kg2 Kh7 43. Rd6 Re7 44. Rc6 Rf7 45. Bf4 Re7 46. Kh3 Rf7 47. Kh4 Re7 48. Kh3 Rf7 49. Re6 Rf5 50. Re7 Kg8 51. Rd7 Rf7 52. Rd6 Kh7 53. Kg2 Re7 54. Kf3 Rf7 55. Ke4 Re7+ 56. Kd5 Rf7 57. Ke6 Rf6+ 58. Kd7 Rxd6+ 59. Kxd6 Bh6 60. Be5 Bg7 61. f4 Kg8 62. Ke6 Kf8 63. Bd6+ Kg8 64. Be5 Kf8 65. Bxg7+ Kxg7 66. Ke7 g5 67. f5 h4 68. f6+ Kg6 69. f7 hxg3 70. f8=Q g2 71. Qf2 1-0


[Site "https://www.chess.com"]

[Event "Titled Tuesday Blitz April 19 Early 2022"]
[White "Bach, Ngoc Thuy Duong"]
[Black "Kozak, Antoni"]
[WhiteFideId "12408956"]
[BlackFideId "21832030"]
[WhiteElo "1862"]
[BlackElo "2236"]
[Result "0-1"]
[Round "09"]
[TimeControl "180+1"]
[Date "2022.04.19"]
[WhiteClock "0:00:18"]
[BlackClock "0:00:37"]

1. d4 f5 2. c4 Nf6 3. Nc3 g6 4. Nf3 Bg7 5. g3 O-O 6. Bg2 d6 7. O-O c6 8. Bf4 a5 9. Qc2 Na6 10. a3 Nc7 11. Rad1 Kh8 12. Rfe1 Be6 13. b3 Bg8 14. Qc1 b5 15. Nd2 Ra6 16. a4 bxc4 17. bxc4 Ne6 18. e3 g5 19. d5 gxf4 20. dxe6 fxg3 21. hxg3 Bxe6 22. Ne2 c5 23. Qc2 Rb6 24. Rb1 Rb4 25. Nc1 Qd7 26. Nd3 Rbb8 27. Rb5 Qc7 28. Reb1 Bd7 29. Rb7 Rxb7 30. Rxb7 Qc8 31. Qb3 Qe8 32. Nb2 Ng4 33. Qb6 Bxa4 34. Nxa4 Qxa4 35. Rxe7 Qc2 36. Qxd6 Qd1+ 37. Bf1 a4 38. Qd3 Ne5 39. Qd5 Qxd2 40. Rxe5 Qxd5 41. Rxd5 a3 42. Rd2 Bb2 0-1


[Site "https://www.chess.com"]

[Event "Titled Tuesday Blitz April 19 Early 2022"]
[White "Baker, Chris W"]
[Black "Buchenau, Frank"]
[WhiteFideId "401676"]
[BlackFideId "4604350"]
[WhiteElo "2215"]
[BlackElo "2193"]
[Result "1-0"]
[Round "09"]
[TimeControl "180+1"]
[Date "2022.04.19"]
[WhiteClock "0:00:26"]
[BlackClock "0:00:10"]

1. c4 e5 2. Nc3 Nf6 3. Nf3 Nc6 4. e3 Bb4 5. Nd5 Bc5 6. a3 d6 7. Qc2 Bb6 8. b4 Nxd5 9. cxd5 Ne7 10. Bc4 Bf5 11. d3 Bg4 12. Bb2 O-O 13. h3 Bxf3 14. gxf3 f5 15. Rg1 a5 16. f4 Ng6 17. fxe5 Nxe5 18. f4 Nf3+ 19. Kf2 Nxg1 20. Rxg1 Rf7 21. Qc3 Qh4+ 22. Rg3 axb4 23. axb4 Re8 24. Kg2 Qh6 25. Bc1 Qf6 26. Qxf6 Rxf6 27. Kf3 Rg6 28. Rxg6 hxg6 29. e4 Kf7 30. Bb2 Rh8 31. Kg3 Be3 32. e5 dxe5 33. fxe5 g5 34. e6+ Kf8 35. Be5 Bf4+ 36. Bxf4 gxf4+ 37. Kxf4 g6 38. Ke5 Ke7 39. b5 Rxh3 40. b6 Re3+ 41. Kf4 Re1 42. bxc7 g5+ 43. Kxg5 Rg1+ 44. Kxf5 Rg8 45. Ke5 Rg5+ 46. Kd4 Rg8 47. Kc5 b6+ 48. Kc6 b5 49. d6+ Kf6 50. Bd5 b4 51. d7 b3 52. Bxb3 1-0


[Site "https://www.chess.com"]

[Event "Titled Tuesday Blitz April 19 Early 2022"]
[White "Balint, Vilmos"]
[Black "Moskvin, Anatoly"]
[WhiteFideId "718050"]
[BlackFideId "24199990"]
[WhiteElo "2059"]
[BlackElo "2079"]
[Result "0-1"]
[Round "09"]
[TimeControl "180+1"]
[Date "2022.04.19"]
[WhiteClock "0:01:19"]
[BlackClock "0:00:05"]

1. Nf3 g6 2. g3 Bg7 3. Bg2 c5 4. d4 cxd4 5. Nxd4 Nc6 6. Nxc6 bxc6 7. c4 Rb8 8. Nc3 Qa5 9. Qc2 Nh6 10. O-O O-O 11. Bxh6 Bxh6 12. b3 Bg7 13. Rac1 d6 14. Bxc6 Bxc3 15. Qxc3 Qxa2 16. Ra1 Qxb3 17. Qxb3 Rxb3 18. Rxa7 Be6 19. Rxe7 Bxc4 20. Rc1 Be6 21. Bd7 Rb7 22. Rxe6 fxe6 23. Bxe6+ Kg7 24. Rc2 Rb5 25. e4 Rb4 26. Bd5 Rd4 27. Rc7+ Kh6 28. Rc2 Kg5 29. f4+ Kg4 30. Kg2 Rb8 31. h4 Rxd5 32. exd5 Rb3 33. Rc7 Rxg3+ 34. Kf2 Rd3 35. Rxh7 Rxd5 36. Rg7 Kxf4 37. Rxg6 Rd2+ 38. Ke1 Rd4 39. h5 Kf5 40. Rg8 Rh4 41. Rf8+ Ke5 42. Rh8 d5 43. Ke2 Ke4 44. h6 Rh2+ 45. Ke1 d4 46. h7 Kd3 47. Kf1 Kd2 48. Kg1 Rh6 49. Kg2 d3 50. Kf3 Rh3+ 51. Kg4 Rh1 52. Kf3 Kd1 53. Ke3 Rh3+ 54. Ke4 d2 55. Kd4 Ke1 56. Re8+ Kf1 57. Rf8+ Kg1 58. Rg8+ Kh2 59. h8=Q d1=Q+ 60. Kc4 Qc1+ 61. Kd5 Rxh8 62. Rxh8+ Kg3 63. Re8 Kf4 64. Re4+ Kf3 65. Rc4 Qd2+ 66. Rd4 Qa5+ 67. Kc4 Ke3 68. Rd5 Qa4+ 69. Kc5 Ke4 70. Rd6 Qa3+ 71. Kc6 Ke5 72. Rd5+ Ke6 73. Rd4 Qa6+ 74. Kc5 Qc8+ 75. Kb4 Ke5 76. Rc4 Qb7+ 77. Kc3 Qb5 78. Kd3 Kd5 0-1


[Site "https://www.chess.com"]

[Event "Titled Tuesday Blitz April 19 Early 2022"]
[White "Belenkaya, Dina"]
[Black "Lewtak, Damian"]
[WhiteFideId "24142654"]
[BlackFideId "1141724"]
[WhiteElo "2196"]
[BlackElo "2362"]
[Result "0-1"]
[Round "09"]
[TimeControl "180+1"]
[Date "2022.04.19"]
[WhiteClock "0:00:54"]
[BlackClock "0:00:58"]

1. e4 a6 2. d4 e6 3. Nf3 d5 4. e5 c5 5. c3 Nc6 6. Be2 Nge7 7. O-O Ng6 8. Be3 Be7 9. Nbd2 O-O 10. Re1 cxd4 11. cxd4 Bd7 12. Nf1 Rc8 13. Bd3 Na5 14. Ng3 Bb5 15. Bb1 Nc4 16. Bc1 Bb4 17. Re2 Nh4 18. Ng5 h6 19. Qd3 g6 20. a4 Nxe5 21. Qe3 Ng4 22. Qf4 hxg5 23. Qxg4 Rxc1+ 24. Nf1 f5 25. Qg3 Bxe2 0-1


[Site "https://www.chess.com"]

[Event "Titled Tuesday Blitz April 19 Early 2022"]
[White "Belozerov, Andrei"]
[Black "Petrovskyi, Vadym"]
[WhiteFideId "4120213"]
[BlackFideId "14165210"]
[WhiteElo "2320"]
[BlackElo "2400"]
[Result "0-1"]
[Round "09"]
[TimeControl "180+1"]
[Date "2022.04.19"]
[WhiteClock "0:01:48"]
[BlackClock "0:02:07"]

1. e4 c5 2. Nf3 d6 3. d4 cxd4 4. Nxd4 Nf6 5. Nc3 a6 6. Be3 e6 7. f3 b5 8. Qd2 Bb7 9. g4 Nfd7 10. O-O-O Nb6 11. h4 N8d7 12. Nb3 Rc8 13. g5 b4 14. Nb1 d5 15. h5 Qc7 16. Bh3 Nc4 17. Qd3 Nxe3 18. Rh2 Qxh2 0-1


[Site "https://www.chess.com"]

[Event "Titled Tuesday Blitz April 19 Early 2022"]
[White "Bluebaum, Matthias"]
[Black "Svane, Frederik"]
[WhiteFideId "24651516"]
[BlackFideId "12923044"]
[WhiteElo "2550"]
[BlackElo "2459"]
[Result "1/2-1/2"]
[Round "09"]
[TimeControl "180+1"]
[Date "2022.04.19"]
[WhiteClock "0:00:08"]
[BlackClock "0:00:07"]

1. d4 Nf6 2. c4 e6 3. Nc3 Bb4 4. e3 O-O 5. Bd2 c5 6. a3 Bxc3 7. Bxc3 Ne4 8. Ne2 b6 9. d5 Bb7 10. f3 Nxc3 11. Nxc3 exd5 12. cxd5 d6 13. e4 f5 14. exf5 Rxf5 15. Bd3 Qh4+ 16. g3 Re5+ 17. Be4 Qe7 18. Qd3 Nd7 19. O-O-O Nf6 20. Bf5 c4 21. Qc2 Nxd5 22. Bxh7+ Kh8 23. Nxd5 Bxd5 24. Rxd5 Rxd5 25. Be4 Qe6 26. Bxd5 Qxd5 27. Rd1 Qxf3 28. Qxc4 Qf5 29. Rd5 Rc8 30. Rxf5 Rxc4+ 31. Kd2 Rc7 32. Rf8+ Kh7 33. Rd8 Rc6 34. Kd3 Kg6 35. b4 b5 36. Rd7 Ra6 37. Kd4 Rxa3 38. Rxd6+ Kf5 39. Rd5+ Kg4 40. Rxb5 Ra2 41. Ra5 Rxh2 42. Rxa7 g5 43. Rg7 Rg2 44. b5 Rxg3 45. b6 Rb3 46. b7 Kf4 47. Kc4 Rb1 48. Kc5 g4 49. Kc6 g3 50. Rf7+ Kg4 51. Rg7+ Kf3 52. Rf7+ Kg4 53. Rg7+ Kf3 54. Rf7+ Kg4 1/2-1/2


[Site "https://www.chess.com"]

[Event "Titled Tuesday Blitz April 19 Early 2022"]
[White "Brodowski, Piotr"]
[Black "Tsyhanchuk, Stanislav"]
[WhiteFideId "1124480"]
[BlackFideId "13505130"]
[WhiteElo "2422"]
[BlackElo "2078"]
[Result "0-1"]
[Round "09"]
[TimeControl "180+1"]
[Date "2022.04.19"]
[WhiteClock "0:00:15"]
[BlackClock "0:00:18"]

1. e4 c5 2. Nf3 d6 3. d4 cxd4 4. Nxd4 Nf6 5. Nc3 a6 6. a3 e5 7. Nf5 Bxf5 8. exf5 d5 9. Bg5 d4 10. Ne4 Qa5+ 11. b4 Qb6 12. Bxf6 gxf6 13. Bd3 Nd7 14. Qh5 a5 15. O-O Qc7 16. bxa5 Rxa5 17. Rfb1 Bxa3 18. g3 Ke7 19. Rb3 Rha8 20. Qxh7 Bd6 21. Rab1 Ra1 22. h4 b6 23. h5 R8a3 24. Kh2 Rxb1 25. Rxb1 Nc5 26. Nxc5 Qxc5 27. h6 e4 28. Bxe4 d3 29. Qg8 Qxf2+ 30. Bg2 dxc2 31. Rf1 Rxg3 32. Qa8 Rxg2+ 33. Kh1 0-1


[Site "https://www.chess.com"]